 Dungeon Crawl Stone Soup version 0.20.1-1-g8b1a95d (webtiles) character file.

91 Monsterracer the Skirmisher (level 4, -3/37 HPs)
             Began as a Mummy Chaos Knight on Aug 12, 2017.
             Slain by an orange demon (5 damage)
             ... on level 1 of the Abyss.
             The game lasted 00:03:30 (2418 turns).

Monsterracer the Skirmisher (Mummy Chaos Knight)    Turns: 2418, Time: 00:03:31

Health: -3/37      AC:  6    Str: 16    XL:     4   Next: 34%
Magic:  4/4        EV: 12    Int: 11    God:    Xom [......]
Gold:   80         SH:  0    Dex: 11    Spells: 3/3 levels left

rFire    x . .     SeeInvis .   a - +0 hand axe (chaos)
rCold    + . .     Gourm    .   (no shield)
rNeg     + + +     Faith    .   b - +2 leather armour
rPois    ∞         Spirit   .   (no helmet)
rElec    .         Reflect  .   (no cloak)
rCorr    .         Harm     .   f - +0 pair of gloves
MR       .....                  (no boots)
Stlth    +.........             (no amulet)
Regen    0.2/turn               (no ring)
MPRegen  0.1/turn               (no ring)

@: no status effects
A: no food or potions, fire vulnerability, cold resistance 1, negative energy
resistance 3, torment resistance, unbreathing
a: Renounce Religion


You were on level 1 of the Abyss.
You worshipped Xom.
You were a very special plaything of Xom.
You were not hungry.

You visited 1 branch of the dungeon, and saw 2 of its levels.
You visited the Abyss 1 time.

You collected 80 gold pieces.

Inventory:

Hand Weapons
 a - a +0 hand axe of chaos (weapon)
Armour
 b - a +2 leather armour (worn)
 f - a +0 pair of gloves (worn)
Scrolls
 c - 4 scrolls of identify {unknown}
 d - 2 scrolls of teleportation {unknown}
 e - 2 scrolls of remove curse {unknown}
 g - a scroll of fear {unknown}


   Skills:
 + Level 3.7 Fighting
 * Level 3.3 Axes
 - Level 1.5 Armour
 + Level 1.9 Dodging


You had 3 spell levels left.
You didn't know any spells.

Dungeon Overview and Level Annotations

Branches:
Dungeon (2/15)

Altars:

Annotations:
D:2 Robin


Innate Abilities, Weirdness & Mutations

You do not eat or drink.
Your flesh is vulnerable to fire.
You are immune to poison.
Your flesh is cold resistant. (rC+)
You are immune to negative energy. (rN+++)
You are immune to unholy pain and torment.
You can survive without breathing.


Message History

This branch contains the abyssal rune of Zot.
Found 20 gold pieces.
You start resting.
An orange demon comes into view.
The orange demon screeches!
The orange demon stings you from afar!
* * * LOW HITPOINT WARNING * * *
Huge Dmg: -32%(-12hp) hp: 17%(6hp)
The orange demon completely misses you. The orange demon hits you.
* * * LOW HITPOINT WARNING * * *
Found a scroll labeled TOSMEC HI VUPN.
Huge Dmg: -11%(-4hp) hp: 6%(2hp)
You hit the orange demon.
You hear a sizzling sound.
The orange demon is lightly wounded.
The orange demon misses you.
The orange demon hits you but does no damage.
The orange demon stings you.
You die...
Xom laughs nastily!

.. .. .## ? ...
. . #.# . #.
#.###.# .#
.#.#.#.#.###.#..
#............$..
.#...........#.
#....@.....#..
#....4......#
##....###...#
#...## ...# #..#
..... #...
...... ... .##..
.#


You could see an orange demon.

Vanquished Creatures
  3 adders (D:2)
  A worm (D:2)
  A dart slug (D:1)
  2 leopard geckos (D:1)
  2 giant cockroaches
  7 hobgoblins
  8 jackals (D:1)
  3 kobolds
  A kobold (shapeshifter) (D:1)
  4 bats
  5 frilled lizards
  11 goblins
  2 rats
50 creatures vanquished.

Vanquished Creatures (others)
  A hobgoblin (D:2)
  A bat (D:2)
2 creatures vanquished.

Grand Total: 52 creatures vanquished

Notes
Turn   | Place    | Note
-------+----------+-------------------------------------------
     0 | D:1      | Monsterracer the Mummy Chaos Knight began the quest for the Orb.
     0 | D:1      | Reached XP level 1. HP: 18/18 MP: 1/1
     0 | D:1      | XOM: divination: magic mapping
    31 | D:1      | Reached skill level 1 in Dodging
   406 | D:1      | Reached XP level 2. HP: 23/24 MP: 2/2
  1006 | D:2      | Reached XP level 3. HP: 26/29 MP: 3/3
  1342 | D:2      | Reached XP level 4. HP: 25/35 MP: 4/4
  1705 | D:1      | XOM: harmless Conj miscast
  2023 | D:2      | Noticed Robin
  2077 | D:2      | HP: 17/35 [goblin[Robin] (1)]
  2380 | D:2      | HP: 15/37 [Robin/mace of distortion (12)]
  2389 | D:2      | HP: 15/37 [bat (1)]
  2396 | D:2      | Cast into level 1 of the Abyss (Robin)
  2415 | Abyss:1  | Noticed an orange demon
  2416 | Abyss:1  | HP: 6/37 [orange demon (12)]
  2417 | Abyss:1  | HP: 2/37 [orange demon (5)]
  2418 | Abyss:1  | Slain by an orange demon

Skill      XL: |  1  2  3 |
---------------+----------+-----
Dodging        | 1 |  1.9
Axes           | 3 |  3.3
Fighting       | |  3.7
Armour         | |  1.5

Action                   |  1- 3 |  4- 6 || total
-------------------------+-------+-------++-------
Melee: Hand axe          |   104 |    70 ||   174
 Stab: Paralysed         |     4 |       ||     4
Armor: Leather armour    |    42 |    40 ||    82
Dodge: Dodged            |    74 |    57 ||   131
